[Event "BL 2024-25"]
[Site "Austria"]
[Date "2024.10.13"]
[Round "5.1"]
[White "Nisipeanu, Liviu-Dieter"]
[Black "Krivoborodov, Egor"]
[Result "1-0"]
[Annotator "TA"]
[ECO "B25"]
[WhiteElo "2584"]
[BlackElo "2555"]
[PlyCount "81"]
[EventDate "2024.08.28"]
[EventType "team-tourn"]
[EventCountry "AUT"]
[SourceTitle "playchess.com"]
[Source "ChessBase"]
[SourceQuality "1"]
[WhiteTeam "Mayrhofen-Zell-Ziller"]
[BlackTeam "Frauental"]
[TimeControl "40/5400+30:1800+30"]

1. e4 c5 2. Nc3 g6 3. g3 Bg7 4. Bg2 Nc6 5. d3 d6 6. f4 e6 7. Nf3 Nge7 8. h4 h5 9. O-O d5 10. Ng5 {[%emt 0:13:21][%cal Of4f5,Bf3g5,Bg5h3,Bh3f4][%mdl 32] Black is slightly better.} dxe4 (10... O-O $15) 11. dxe4 $11 Qxd1 12. Nxd1 e5 13. c3 {[%emt 0:07:06] Repels Nd4} f6 (13... O-O $11) 14. Nh3 Be6 15. Ne3 O-O-O 16. fxe5 Nxe5 17. Nf4 Bd7 18. a4 f5 (18... Bh6 $11 {keeps the balance.}) 19. Nfd5 $16 Nxd5 20. Nxd5 Nc6 {[%emt 0:04:49] Prevents Ne7+} ({Better is} 20... Rde8) 21. Bg5 Rde8 22. Rae1 Rhf8 23. exf5 Rxe1 24. Rxe1 Rxf5 25. Ne7+ Nxe7 26. Rxe7 Bf6 {[%emt 0:00:08] [#]} 27. Bxb7+ $1 Kxb7 28. Rxd7+ Kc6 29. Rxa7 Bxg5 30. hxg5 Rxg5 {[%emt 0:00:02][%mdl 4096] Endgame. KR-KR} 31. Kf2 Rf5+ 32. Ke3 {[%emt 0:03:13] And now Ra6+ would win.} Rg5 33. Kf4 Rf5+ 34. Ke4 {[%emt 0:01:56] White is much more active.} Rg5 35. Kf3 $1 Rf5+ {[%emt 0:00:05] [#]} 36. Kg2 $1 Rg5 37. Kh3 Kb6 {[%emt 0:04:56] Repels b4} (37... c4 $16) 38. Re7 {[%emt 0:09:58] Hoping for b4.} Ka5 {[%emt 0:01:57] [#]} (38... c4 $16 39. Re4 Kc5) 39. b3 $1 $18 {[%emt 0:01:27] White is winning.} (39. Ra7+ Kb6 40. Rf7 Ka5 $16) 39... c4 40. bxc4 Kxa4 41. Rb7 {[%emt 0:07:14] Weighted Error Value: White=0.09 (flawless) /Black=0.27 (precise) .  Loses game:     	---       	Black=1      Mistake:       	---       	Black=5      Inaccurate:     	White=2     	Black=2      OK:         	White=12    	Black=14     Best:        	White=2     	Black=1      Strong:       	White=3     	---} 1-0

[Event "BL 2024-25"]
[Site "Austria"]
[Date "2024.10.13"]
[Round "5.2"]
[White "Schnider, Gert"]
[Black "Vogel, Roven"]
[Result "1-0"]
[Annotator "TA"]
[ECO "B92"]
[WhiteElo "2362"]
[BlackElo "2559"]
[PlyCount "81"]
[EventDate "2024.08.28"]
[EventType "team-tourn"]
[EventCountry "AUT"]
[SourceTitle "playchess.com"]
[Source "ChessBase"]
[SourceQuality "1"]
[WhiteTeam "Frauental"]
[BlackTeam "Mayrhofen-Zell-Ziller"]
[TimeControl "40/5400+30:1800+30"]

1. e4 c5 2. Nf3 d6 3. d4 cxd4 4. Nxd4 Nf6 5. Nc3 a6 6. Be2 e5 7. Nb3 Be6 8. Be3 Be7 9. Nd5 Nxd5 10. exd5 Bf5 11. a4 Nd7 12. a5 O-O {[%emt 0:07:53] The position is equal.} 13. O-O Bg5 14. f4 exf4 15. Bxf4 Bxf4 16. Rxf4 Bg6 17. Rb4 Rb8 18. Bd3 (18. c4 $11) 18... Re8 $15 19. Nd4 Qg5 20. Bxg6 hxg6 21. Nf3 Qe3+ 22. Kh1 Nf6 23. h3 Qf2 24. c4 Re2 ({Black should play} 24... Re4 $17 {White must now prevent ...Qc5.} 25. Qg1 Qxg1+ 26. Kxg1 Nxd5) 25. Qf1 (25. Qg1 $1 $11 Rxb2 26. Qxf2 Rxf2 27. Kg1) 25... Ne4 (25... Rxb2 26. Qxf2 Rxf2 27. Rab1 $11) (25... Qe3 $1 $15 26. Rb3 Qxb3 27. Qxe2 Rc8) 26. Qxf2 $11 Nxf2+ 27. Kh2 Nd3 28. Rb3 Nf4 (28... Nxb2 $2 29. Ra2 $18) 29. Rg1 Rc2 30. Rb4 Nd3 31. Rb3 Nxb2 (31... Rxb2 $2 32. Rxd3 Ra2 33. Rb1 $18) 32. Nd4 ({Better is} 32. Re1 $11) 32... Rd2 (32... Rxc4 $15 33. Nc6 Re8 (33... bxc6 $2 34. Rxb8+ Kh7 35. Rxb2 $18)) 33. Nf3 $1 Rf2 (33... Re2 $11 34. c5 dxc5) 34. Kg3 (34. c5 $1 $14 dxc5 35. d6 (35. Rb1 Nc4 $11)) 34... Rc2 35. Rb1 Nxc4 36. Rxb7 Rxb7 37. Rxb7 {[%emt 0:00:01] [#] Intending Rb8+ and mate. KRN-KRN} f6 (37... Nxa5 38. Rb8+) 38. Nd4 Rd2 39. Ne6 Ne3 (39... Kh7 $11 {remains equal.}) 40. Rxg7+ $16 (40. Nxg7 Nf1+ (40... Nxd5 41. Kf3 $11) (40... Rxd5 41. Ne8 $11) 41. Kh4 Rxg2 $11 (41... Rxd5 42. Ne8 $11)) 40... Kh8 {[%emt 0:00:04] [#] And now ...Nf5+ would win.} 41. Ra7 $1 {[%emt 0:02:02] Weighted Error Value: White=0.16 (very precise) /Black=0.22 (precise) .  Mistake:       	White=4     	Black=5      Inaccurate:     	White=2     	Black=1      OK:         	White=11    	Black=13     Best:        	White=3     	Black=1      Strong:       	White=2     	---} (41. Rxg6 $2 {is the wrong capture.} Rxg2+ (41... Rxd5 42. Rxf6 Rxa5 43. Nc7 $14) 42. Kf3 Rxg6 $19) 1-0

[Event "BL 2024-25"]
[Site "Austria"]
[Date "2024.10.13"]
[Round "5.3"]
[White "Votava, Jan"]
[Black "Fahrner, Kurt"]
[Result "1-0"]
[Annotator "TA"]
[ECO "A53"]
[WhiteElo "2441"]
[BlackElo "2314"]
[PlyCount "59"]
[EventDate "2024.08.28"]
[EventType "team-tourn"]
[EventCountry "AUT"]
[SourceTitle "playchess.com"]
[Source "ChessBase"]
[SourceQuality "1"]
[WhiteTeam "Mayrhofen-Zell-Ziller"]
[BlackTeam "Frauental"]
[TimeControl "40/5400+30:1800+30"]

1. d4 d6 2. Nf3 Nf6 3. c4 Bf5 4. Nc3 Na6 5. Bg5 Ne4 6. Nxe4 Bxe4 7. Nd2 h6 8. Bxh6 {[%emt 0:14:01] White is better.} Rxh6 9. Nxe4 e5 10. Nc3 d5 11. cxd5 $16 (11. dxe5 d4 12. Ne4 Bb4+ 13. Nd2 Nc5 $11) 11... Bb4 12. e4 Qh4 13. Qa4+ (13. dxe5 $6 Qxe4+ 14. Qe2 Bxc3+ 15. bxc3 Qxd5 $14) 13... Kf8 14. Bxa6 (14. dxe5 $2 Qxe4+ 15. Kd1 Qd4+ (15... Qxe5 $2 16. Kc2 $19) 16. Kc2 Bxc3 (16... Qxe5 17. Bxa6 Bxc3 18. Qa3+ Kg8 19. Qxc3 $16) (16... Qxf2+ $2 17. Kd1 $19) 17. Qxd4 Bxd4 $19) 14... Bxc3+ 15. bxc3 Rxa6 16. Qb4+ Kg8 17. dxe5 (17. Qxb7 Qxe4+ 18. Kd2 Rb6 (18... Qf4+ 19. Kd3 $18) 19. Qxa8+ Kh7 $11) 17... Re8 18. e6 (18. Qxb7 $2 Qxe4+ 19. Kf1 Rb6 $19) 18... c5 $2 {[%emt 0:18:09] [#]} (18... fxe6 19. O-O (19. Qxb7 $2 Qxe4+ 20. Kd2 Rb6 $19) 19... exd5) 19. exf7+ $18 ({Less strong is} 19. Qxc5 Qxe4+ 20. Qe3 Qxd5 $11) 19... Kxf7 20. Qxb7+ (20. Qxc5 $2 {is the wrong capture.} Qxe4+ 21. Kd2 Rb6 $19) 20... Kg8 21. Qxa6 Qxe4+ 22. Kf1 c4 23. h4 (23. Qxa7 $2 {leads to mate.} Qe2+ 24. Kg1 Qe1+ 25. Rxe1 Rxe1#) 23... Qd3+ 24. Kg1 Qxc3 25. Kh2 Qe5+ 26. g3 Qf5 27. Qxc4 Qxf2+ 28. Kh3 Qf5+ 29. Qg4 Qxd5 30. Rhe1 {[%emt 0:00:00] White took control after the opening.   Weighted Error Value: White=0.01 (flawless) /Black=0.19 (very precise) .  Mistake:       	---       	Black=2      OK:         	White=6     	Black=4      Best:        	White=5     	Black=2} 1-0

[Event "BL 2024-25"]
[Site "Austria"]
[Date "2024.10.13"]
[Round "5.4"]
[White "Steiner, Stefan"]
[Black "Maiwald, Jens-Uwe"]
[Result "1/2-1/2"]
[Annotator "TA"]
[ECO "D35"]
[WhiteElo "2302"]
[BlackElo "2429"]
[PlyCount "61"]
[EventDate "2024.08.28"]
[EventType "team-tourn"]
[EventCountry "AUT"]
[SourceTitle "playchess.com"]
[Source "ChessBase"]
[SourceQuality "1"]
[WhiteTeam "Frauental"]
[BlackTeam "Mayrhofen-Zell-Ziller"]
[TimeControl "40/5400+30:1800+30"]

1. d4 Nf6 2. c4 e6 3. g3 d5 4. Nf3 h6 5. Bg2 Bd6 6. Nc3 O-O 7. O-O Nc6 8. cxd5 exd5 9. Bf4 {[%emt 0:00:15] D35: Damegambiet Geweigerd: Ruilvariant.} Bxf4 {[%emt 0:01:17] Beste (Gemakkelijk)} 10. gxf4 Ne7 {[%emt 0:01:08] OK} 11. Ne5 {[%emt 0:05:15] Zwart staat iets beter.} c6 {[%emt 0:01:31] OK} 12. b4 $146 ({Predecessor:} 12. e3 Bf5 13. Kh1 Ne4 14. Nxe4 Bxe4 15. Bxe4 dxe4 16. Qc2 f6 17. Nc4 Qd5 18. Nd2 {1-0 Bryakin,M (2448)-Jacobson,B (2491) Titled Arena 2nd Jan blitz 2021}) 12... a6 13. a4 {[%emt 0:00:38] OK} Bf5 {[%emt 0:04:23] Fout (0.6)} (13... Nf5 $15) 14. e3 {[%emt 0:10:47] Onnauwkeurig} Ne8 {[%emt 0:09:18] Onnauwkeurig} 15. Qe2 {[%emt 0:26:32] Onnauwkeurig} f6 {[%emt 0:01:26] OK} 16. Nd3 {[%emt 0:01:26] OK} Nd6 {[%emt 0:02:49] OK} 17. Rfc1 Bxd3 {[%emt 0:04:21] Fout (0.7)} (17... Ng6 $15) 18. Qxd3 $11 f5 {[%emt 0:00:19] Fout (0.5)} (18... g5 $11) 19. b5 $14 {[%emt 0:00:46] Beste (Gemakkelijk)} a5 {[%emt 0:03:13] OK} 20. Rab1 Kh8 21. Qe2 Qd7 {[%emt 0:02:37] Onnauwkeurig} 22. bxc6 {[%emt 0:00:37] OK} bxc6 23. Nd1 {[%emt 0:01:04] OK} Rfb8 {[%emt 0:10:19] Onnauwkeurig} 24. Nb2 {[%emt 0:01:07] OK} Rb6 {[%emt 0:01:43] Fout (0.8)} (24... Qb7 $14) 25. Nd3 $16 {[%emt 0:00:40] OK} Rab8 26. Qd1 {[%emt 0:04:32] Wit is actiever.} Qa7 {[%emt 0:03:37] Fout (0.5)} (26... Rxb1 27. Rxb1 Rxb1 28. Qxb1 Qb7) {Wit zou kunnen kiezen . Beter is} 27. Nc5 {[%emt 0:01:48] Fout (0.5)} (27. Rxb6 Qxb6 28. Ne5) {Zwart zou moeten proberen} 27... Rb4 {[%emt 0:01:38] Onnauwkeurig} 28. Nd3 R4b6 29. Nc5 {[%emt 0:00:05] Onnauwkeurig} Rb4 {[%emt 0:02:47] Fout (0.5)} (29... Rxb1 30. Rxb1 Ng6) 30. Nd3 R4b6 {[%emt 0:00:07] OK} 31. Nc5 {[%emt 0:01:11] Blunder waarde: Wit=0.24 (precies) /Zwart=0.29 (precies) . Fout (1.2).  Fout:        	Wit=2      	Zwart=6      Onnauwkeurig:    	Wit=3      	Zwart=4      OK:         	Wit=6      	Zwart=6      Beste:        	Wit=1      	Zwart=1} (31. h4 $16) 1/2-1/2

[Event "BL 2024-25"]
[Site "Austria"]
[Date "2024.10.13"]
[Round "5.5"]
[White "Platzgummer, Fabian"]
[Black "Krebs, Johann"]
[Result "1/2-1/2"]
[Annotator "RC"]
[ECO "A49"]
[WhiteElo "2301"]
[BlackElo "2217"]
[PlyCount "70"]
[EventDate "2024.08.28"]
[EventType "team-tourn"]
[EventCountry "AUT"]
[SourceTitle "playchess.com"]
[Source "ChessBase"]
[SourceQuality "1"]
[WhiteTeam "Mayrhofen-Zell-Ziller"]
[BlackTeam "Frauental"]
[TimeControl "40/5400+30:1800+30"]

1. Nf3 Nf6 2. g3 g6 3. b3 Bg7 4. Bb2 O-O 5. Bg2 d6 6. d4 e5 7. dxe5 Nfd7 8. O-O dxe5 9. e4 Nc6 10. Qd2 Nc5 11. Nc3 Bg4 12. Ba3 Bxf3 13. Qxd8 Rfxd8 14. Bxf3 Ne6 15. Nd5 Ncd4 16. Bd1 c6 17. Ne3 Bf8 18. Bb2 f6 19. c3 Nb5 20. b4 Ng5 21. f3 a5 22. h4 Nf7 23. a4 Nxc3 24. Bxc3 Rd3 25. Be1 Rxe3 26. bxa5 Bc5 27. Kg2 Rd8 28. Rc1 Ba3 29. Ra1 Kg7 30. Rb1 Rd7 31. Kf2 Bc5 32. Kg2 Nd8 33. Kh3 Ra3 34. Bb3 Rd3 35. Bd1 Rd7 1/2-1/2

[Event "BL 2024-25"]
[Site "Austria"]
[Date "2024.10.13"]
[Round "5.5"]
[White "Platzgummer, Fabian"]
[Black "Krebs, Johann"]
[Result "*"]
[Annotator "RC"]
[ECO "A49"]
[WhiteElo "2301"]
[BlackElo "2217"]
[PlyCount "29"]
[EventDate "2024.08.28"]
[EventType "team-tourn"]
[EventCountry "AUT"]
[SourceTitle "playchess.com"]
[Source "ChessBase"]
[SourceQuality "1"]
[WhiteTeam "Mayrhofen-Zell-Ziller"]
[BlackTeam "Frauental"]
[TimeControl "40/5400+30:1800+30"]

1. Nf3 Nf6 2. g3 g6 3. b3 Bg7 4. Bb2 O-O 5. Bg2 d6 6. d4 e5 7. dxe5 Nfd7 8. O-O dxe5 9. e4 Nc6 10. Qd2 Nc5 11. Nc3 Bg4 12. Ba3 Bxf3 13. Qxd8 Re8 14. Qxa8 Rxa8 15. Bxf3 *

[Event "BL 2024-25"]
[Site "Austria"]
[Date "2024.10.13"]
[Round "5.6"]
[White "Gruenwald, Simon"]
[Black "Tabernig, Bernhard"]
[Result "1/2-1/2"]
[Annotator "RC"]
[ECO "B19"]
[WhiteElo "2143"]
[BlackElo "2256"]
[PlyCount "86"]
[EventDate "2024.08.28"]
[EventType "team-tourn"]
[EventCountry "AUT"]
[SourceTitle "playchess.com"]
[Source "ChessBase"]
[SourceQuality "1"]
[WhiteTeam "Frauental"]
[BlackTeam "Mayrhofen-Zell-Ziller"]
[TimeControl "40/5400+30:1800+30"]

1. e4 c6 2. d4 d5 3. Nc3 dxe4 4. Nxe4 Bf5 5. Ng3 Bg6 6. h4 h6 7. Nf3 Nd7 8. h5 Bh7 9. Bd3 Bxd3 10. Qxd3 Ngf6 11. Bd2 e6 12. O-O-O Be7 13. Ne4 Nxe4 14. Qxe4 Nf6 15. Qe2 Qd5 16. c4 Qe4 17. Qxe4 Nxe4 18. Be3 O-O 19. Ne5 Rfd8 20. g4 Rac8 21. f3 Bg5 22. f4 Bf6 23. Kc2 b5 24. b3 Be7 25. Rd3 f6 26. Nf3 Rd7 27. Rhd1 Rb7 28. Nd2 Nd6 29. Rc3 a6 30. Kd3 bxc4+ 31. bxc4 f5 32. g5 hxg5 33. fxg5 Rb2 34. Rc2 Rxc2 35. Kxc2 Nf7 36. Nf3 Nd6 37. Nd2 Nf7 38. Nf3 Nd6 39. Ne5 Ne4 40. Ng6 Kf7 41. Ne5+ Kg8 42. Ng6 Kf7 43. Nxe7 Kxe7 1/2-1/2

[Event "BL 2024-25"]
[Site "Austria"]
[Date "2024.10.13"]
[Round "5.7"]
[White "Gupta, Abhijeet"]
[Black "Kadric, Denis"]
[Result "1/2-1/2"]
[Annotator "TA"]
[ECO "C41"]
[WhiteElo "2573"]
[BlackElo "2558"]
[PlyCount "82"]
[EventDate "2024.08.28"]
[EventType "team-tourn"]
[EventCountry "AUT"]
[SourceTitle "playchess.com"]
[Source "ChessBase"]
[SourceQuality "1"]
[WhiteTeam "Wien-St Veit"]
[BlackTeam "Pinggau-Friedberg"]
[TimeControl "40/5400+30:1800+30"]

1. d4 d6 2. e4 Nf6 3. Nc3 e5 4. Nf3 Nbd7 5. Rg1 c6 6. g4 h6 7. Be3 Be7 8. a3 Qa5 9. Nd2 Nf8 10. h4 h5 11. gxh5 exd4 12. Nc4 Qxh5 13. Qxd4 d5 14. exd5 cxd5 {[%emt 0:01:07] And now ...Ne6 would win.} 15. Rg5 Qxh4 16. Qxh4 Rxh4 17. Nxd5 Ne6 {[%emt 0:20:58] [#] Dodges Nc7+} (17... Nxd5 $14 18. Rxd5 Ng6) 18. Nxe7 $1 $16 Kxe7 {[%emt 0:42:08] [#]} (18... Nxg5 19. Nxc8) 19. Ra5 $36 {[%emt 0:00:40][%mdl 2048] White is really pushing.} a6 (19... Bd7 $16 {keeps fighting.} 20. O-O-O (20. Rxa7 Rxa7 21. Bxa7 Bb5 $16) (20. Bxa7 Re4+ 21. Kd2 Rd8 $18) 20... Bc6 21. Bxa7 Rd8) 20. Nb6 Rb8 21. O-O-O Bd7 22. f4 {[%emt 0:11:48] White has more active pieces.} g6 (22... Bb5 $142) 23. Re5 (23. f5 $18 gxf5 24. Rxf5 (24. Nxd7 Nxd7 25. Rxf5 Rg8 $18)) 23... Bc6 {[%emt 0:03:17] [#]} 24. Bc5+ $1 Ke8 25. Nc4 (25. Bc4 $16 {Strongly threatening Rde1.} Rd8 26. Rde1) 25... Nd7 $1 $11 26. Nd6+ Kf8 27. Rxe6 fxe6 28. Nf5+ Nxc5 29. Nxh4 Kg7 30. Bg2 Bxg2 31. Nxg2 {[%emt 0:00:03][%mdl 4096] Endgame. KRN-KRN} Rf8 32. b4 Na4 33. c4 Nb6 {[%emt 0:00:43] Inhibits Rd7+.} 34. Rd4 e5 35. Re4 exf4 36. Nxf4 {[%emt 0:00:10] Hoping for Ne6+.} Kf7 37. Rd4 g5 38. Nd3 Kg6 39. c5 Nc8 {[%emt 0:00:21] Inhibits Rd6+. The position is equal.} 40. Kd2 Re8 41. a4 Re7 {[%emt 0:01:05] White really could win this.   Weighted Error Value: White=0.18 (very precise) /Black=0.13 (very precise) .  Mistake:       	White=2     	Black=3      Inaccurate:     	---       	Black=1      OK:         	White=17    	Black=14     Best:        	White=1     	Black=3      Strong:       	White=1     	Black=1} 1/2-1/2

[Event "BL 2024-25"]
[Site "Austria"]
[Date "2024.10.13"]
[Round "5.8"]
[White "Petrov, Nikita"]
[Black "Solodovnichenko, Yuri"]
[Result "0-1"]
[Annotator "TA"]
[ECO "D40"]
[WhiteElo "2589"]
[BlackElo "2497"]
[PlyCount "64"]
[EventDate "2024.08.28"]
[EventType "team-tourn"]
[EventCountry "AUT"]
[SourceTitle "playchess.com"]
[Source "ChessBase"]
[SourceQuality "1"]
[WhiteTeam "Pinggau-Friedberg"]
[BlackTeam "Wien-St Veit"]
[TimeControl "40/5400+30:1800+30"]

1. Nf3 d5 2. c4 e6 3. d4 dxc4 4. e3 c5 5. Bxc4 Nf6 6. O-O Nc6 7. Nc3 a6 8. a3 b5 9. Ba2 Bb7 10. Qe2 Qc7 11. d5 exd5 12. e4 (12. Nxd5 $11 Nxd5 13. Bxd5) 12... dxe4 $15 {[%emt 0:03:41] Black is slightly better.} 13. Nxe4 O-O-O 14. Ng3 (14. Nxf6 $17 gxf6 15. Be3) 14... h5 $19 15. Bg5 {[%emt 0:09:51] [#]} h4 $1 16. Bxh4 {[%emt 0:00:59] [#]} (16. Nf5 h3) 16... Rxh4 17. Nxh4 Nd4 {[%emt 0:00:02] Wards off Nf3} 18. Qe3 Nc2 19. Qg5 {[%emt 0:01:07] Hoping for Qf5+.} Nxa1 20. Rxa1 c4 {[%emt 0:00:57] ...Rd5 is the strong threat.} 21. Re1 Qc5 22. Qc1 g6 23. Bb1 (23. Nf3 $142) 23... Qd4 24. Nf3 Bxf3 25. gxf3 Bc5 26. Qc2 Qf4 {[%emt 0:00:00][%cal Od8d2] Strongly threatening ...Rd2!} 27. Qc3 (27. Rd1) 27... Rd2 28. Re2 Rd1+ 29. Re1 Bd4 30. Qa5 Qxf3 31. Qxa6+ Kc7 32. Qa5+ Bb6 {[%emt 0:00:14] White did not feel at home in the position after the opening.   Weighted Error Value: White=0.92/Black=0.06 (flawless) .  Mistake:       	White=4     	---        OK:         	White=6     	Black=9      Best:        	---       	Black=5} 0-1

[Event "BL 2024-25"]
[Site "Austria"]
[Date "2024.10.13"]
[Round "5.9"]
[White "Koellner, Ruben Gideon"]
[Black "Erdos, Viktor"]
[Result "1/2-1/2"]
[Annotator "TA"]
[ECO "D02"]
[WhiteElo "2480"]
[BlackElo "2538"]
[PlyCount "78"]
[EventDate "2024.08.28"]
[EventType "team-tourn"]
[EventCountry "AUT"]
[SourceTitle "playchess.com"]
[Source "ChessBase"]
[SourceQuality "1"]
[WhiteTeam "Wien-St Veit"]
[BlackTeam "Pinggau-Friedberg"]
[TimeControl "40/5400+30:1800+30"]

1. d4 Nf6 2. Nf3 g6 3. Nbd2 d5 4. e3 Bg7 5. b4 a5 6. b5 c5 7. bxc6 Nxc6 8. a4 O-O 9. Ba3 Bf5 10. c3 {[%emt 0:00:08] Dodges Nb4} Qc7 11. Qb3 Rfc8 12. Be2 e5 13. h3 exd4 14. cxd4 Bf8 15. Rc1 Bxa3 16. Qxa3 Qd8 17. O-O Nb4 18. Ne5 Nd7 19. Nxd7 Qxd7 20. Bb5 Qd8 21. Rxc8 Rxc8 22. Rc1 Bc2 23. Nf3 Rc7 24. Ne1 Qc8 25. Qb2 Be4 26. Rxc7 Qxc7 27. Qd2 Kg7 28. Qb2 Kf8 29. Qa3 Kg7 30. Qb2 Bf5 31. Nf3 (31. g4 $11 {remains equal.} Bd7 32. Bxd7 Qxd7 33. Qc1) 31... Bd7 (31... Qc2 $17 32. Qxc2 Bxc2) 32. Bxd7 $11 {[%emt 0:07:21] The position is equal.} Qxd7 {[%emt 0:00:02][%mdl 4096] Endgame. KQN-KQN} 33. Qc3 Qxa4 {[%emt 0:05:11] [#] ...Qd1+ is the strong threat.} 34. Qc7 Qc6 35. Qxa5 Nd3 36. Ne5 {[%emt 0:02:52] Inhibits b5.} Nxe5 37. dxe5 b6 38. Qb4 Qc5 39. Qh4 Qc6 {[%emt 0:00:29] Weighted Error Value: White=0.09 (flawless) /Black=0.07 (flawless) .  Mistake:       	White=1     	Black=1      Inaccurate:     	---       	Black=1      OK:         	White=13    	Black=15} 1/2-1/2

[Event "BL 2024-25"]
[Site "Austria"]
[Date "2024.10.13"]
[Round "5.10"]
[White "Sankalp Gupta"]
[Black "Antoniewski, Rafal"]
[Result "1-0"]
[Annotator "TA"]
[ECO "D02"]
[WhiteElo "2534"]
[BlackElo "2443"]
[PlyCount "80"]
[EventDate "2024.08.28"]
[EventType "team-tourn"]
[EventCountry "AUT"]
[SourceTitle "playchess.com"]
[Source "ChessBase"]
[SourceQuality "1"]
[WhiteTeam "Pinggau-Friedberg"]
[BlackTeam "Wien-St Veit"]
[TimeControl "40/5400+30:1800+30"]

1. d4 Nf6 2. Bf4 d5 3. Nf3 e6 4. e3 Bd6 5. Ne5 O-O 6. Nd2 b6 7. c3 Ba6 8. Bxa6 Nxa6 {[%emt 0:00:05] White is slightly better.} 9. Qf3 Nd7 10. Qg3 Nab8 (10... Bxe5 {simplifies} 11. Bxe5 Nxe5 12. Qxe5 c5) 11. O-O f6 ({Black should try} 11... Re8 $14) 12. Nd3 $16 Qe7 13. e4 {[%emt 0:03:28] Hoping for e5.} e5 14. dxe5 fxe5 15. Bg5 Qe8 16. Rae1 (16. exd5 $2 e4 17. Bf4 (17. Nf4 Qf7 $17) 17... exd3 18. Bxd6 cxd6 19. Qxd3 Nf6 $19) 16... dxe4 17. Nxe4 Nc6 18. Qg4 {[%emt 0:06:11] Prevents Qe6. Strongly threatening Nxd6.} Kh8 19. f4 Be7 20. f5 Rd8 (20... Nf6 $142 21. Bxf6 gxf6) 21. Rf3 (21. Qh3 $142) 21... Nf6 22. Bxf6 gxf6 23. Rh3 {[%emt 0:02:30][%cal Oh3h7] White wants to mate with Rxh7+!} Rg8 24. Qf3 {[%emt 0:04:40][%cal Od3f4] And now Nf4! would win.} Qf7 25. b3 Rg7 26. Ndf2 b5 27. Rh6 {[%emt 0:02:41] aiming for Ng4.} Rdg8 {[%emt 0:03:23] [#]} 28. g3 {[%emt 0:03:07][%cal Oe4f6] Threatens to win with Nxf6!} Qf8 {[%emt 0:09:34] [#]} 29. b4 (29. Qh5 $1 $18 {is more deadly.}) 29... Nd8 30. Qe3 (30. Qh5 $16) 30... a6 31. Rd1 Nb7 $1 32. Rd7 (32. Rd5 $14) 32... Qc8 {[%emt 0:01:16] [#]} (32... Nd6 $11 {keeps the balance.} 33. Nxd6 (33. Rxc7 $2 {loses.} Nxf5 34. Qe1 Nxh6 $19) 33... cxd6) 33. Rxe7 $1 Rxe7 34. Nxf6 ({But not} 34. Rxf6 Qd7 $11) 34... Qxf5 35. Nxg8 Kxg8 36. Rxa6 Nd6 37. Qh6 ({White should play} 37. Qe2 $16) 37... Rf7 (37... Qf3 $11) 38. Ra8+ Nc8 39. Qe3 {[%emt 0:00:36] g4 is the strong threat. Dancing on a razor blade.} h5 (39... Rf8 $16 40. Rb8 c6) 40. h4 $2 {[%emt 0:01:38] Active counter play!} (40. Rb8 $18 c6 41. Qe2) 40... Kg7 {[%emt 0:01:48][%mdl 32768] Weighted Error Value: White=0.21 (precise) /Black=0.24 (precise) .  Mistake:       	White=6     	Black=5      Inaccurate:     	---       	Black=2      OK:         	White=13    	Black=6      Best:        	White=3     	Black=3      Strong:       	---       	Black=1      Brilliant:      	White=1     	---       . Sensor Board Error (Ke4/e5)?} 1-0

[Event "BL 2024-25"]
[Site "Austria"]
[Date "2024.10.13"]
[Round "5.11"]
[White "Kuegel, Tobias"]
[Black "Perunovic, Milos"]
[Result "1-0"]
[Annotator "TA"]
[ECO "B45"]
[WhiteElo "2428"]
[BlackElo "2525"]
[PlyCount "77"]
[EventDate "2024.08.28"]
[EventType "team-tourn"]
[EventCountry "AUT"]
[SourceTitle "playchess.com"]
[Source "ChessBase"]
[SourceQuality "1"]
[WhiteTeam "Wien-St Veit"]
[BlackTeam "Pinggau-Friedberg"]
[TimeControl "40/5400+30:1800+30"]

1. e4 c5 2. Nf3 e6 3. d4 cxd4 4. Nxd4 Nf6 5. Nc3 Nc6 6. Ndb5 Bc5 7. Nd6+ Ke7 8. Bf4 e5 $1 9. Nf5+ {[%emt 0:03:14] White has an edge.} Kf8 10. Bg5 h6 11. Bxf6 Qxf6 12. Bc4 d6 13. Ne3 g6 14. Qd2 Kg7 15. O-O-O Be6 {[%emt 0:12:36] [#] Hoping for ...Bxe3.} 16. Bb3 Nd4 (16... Qf4 $11 {is superior.}) 17. Bxe6 $14 Nxe6 18. Rhf1 Qf4 19. g3 Qf3 20. Qd3 Kh7 21. Ned5 Qxd3 22. Rxd3 f5 23. f4 Rhf8 24. Rdf3 (24. Re1 $16) 24... exf4 $11 25. gxf4 Rae8 26. Re1 {[%emt 0:02:53] b4 would now be deadly.} Kg7 {[%emt 0:01:36] [#]} (26... fxe4 $11 27. Nxe4 Kg7) 27. Kd1 ({White should play} 27. b4 $1 $16 fxe4 28. Nxe4) 27... a6 28. a3 Nd4 29. Rg3 Ne6 {[%emt 0:03:41] Against Nc7} 30. Rg2 {[%emt 0:01:48] Inhibits Bf2.} fxe4 31. Rxe4 Nd4 32. Ne7 {[%emt 0:00:59] A dynamic duo of knights.} g5 {[%emt 0:00:48] A mistake that costs the game.} 33. Ncd5 {[%emt 0:01:21][%cal Od5c7] Nc7! is the strong threat.} Kh7 (33... Nc6 $16 {was called for.}) 34. b4 $18 Ba7 35. fxg5 Rf1+ 36. Re1 Ref8 $2 (36... Rxe1+ 37. Kxe1 Rf8 38. g6+ Kg7) 37. Nf6+ {[%emt 0:00:28] White is clearly winning.} R8xf6 38. gxf6 Rxf6 39. Nc8 {[%emt 0:00:38] Weighted Error Value: White=0.14 (very precise) /Black=0.20 (precise) .  Mistake:       	White=2     	Black=5      Inaccurate:     	White=2     	Black=1      OK:         	White=10    	Black=8      Best:        	White=4     	Black=2      Strong:       	---       	Black=1} 1-0